 Dungeon Crawl Stone Soup version 0.20-a0-792-g09bcfd3 (webtiles) character file.

9723 HarryHood the Fighter (level 11, 0/102 HPs)
             Began as a Minotaur Berserker on Mar 1, 2017.
             Was a High Priest of Trog.
             Succumbed to Sonja's curare-tipped needle
             ... on level 10 of the Dungeon.
             The game lasted 00:39:12 (10395 turns).

HarryHood the Fighter (Minotaur Berserker)         Turns: 10395, Time: 00:39:12

Health: 0/102      AC: 21    Str: 23    XL:     11   Next: 26%
Magic:  10/10      EV:  7    Int:  4    God:    Trog [*****.]
Gold:   539        SH: 19    Dex: 16    Spells: 10/10 levels left

rFire    . . .     SeeInvis .   a - +2 morningstar (holy)
rCold    . . .     Gourm    +   G - +0 plate armour
rNeg     . . .     Faith    .   e - +1 large shield
rPois    .         Spirit   .   p - +2 hat
rElec    .         Reflect  .   F - +0 cloak
rCorr    .         Harm     .   (no gloves)
MR       .....                  d - +2 pair of boots
Stlth    ..........             v - amulet of the gourmand
Regen    0.3/turn               A - +3 ring of slaying
MPRegen  0.2/turn               u - +4 ring of dexterity

@: lethally poisoned (0 -> -12), slowed, very slow
A: retaliatory headbutt, horns 2
a: Berserk, Trog's Hand, Brothers in Arms, Burn Spellbooks, Renounce Religion


You were on level 10 of the Dungeon.
You worshipped Trog.
Trog was extremely pleased with you.
You were very full.

You visited 2 branches of the dungeon, and saw 11 of its levels.
You also visited: Ossuary.

You collected 539 gold pieces.

Inventory:

Hand Weapons
 a - a +2 morningstar of holy wrath (weapon)
 b - a +0 hunting sling
 D - a cursed +7 dire flail
Missiles
 t - 177 sling bullets
Armour
 d - a +2 pair of boots (worn)
 e - a +1 large shield (worn)
 p - a +2 hat (worn)
 F - a +0 cloak (worn)
 G - a +0 plate armour (worn)
Jewellery
 u - a +4 ring of dexterity (left hand)
 v - an amulet of the gourmand (around neck)
 A - a +3 ring of slaying (right hand)
Scrolls
 m - a scroll of remove curse {@r2}
 w - a scroll of teleportation {@r0}
 z - a scroll of fog
Potions
 c - 4 potions of heal wounds {@q1}
 g - 4 potions of curing {@q2}
 h - 2 potions of haste
 j - 7 potions of lignification {!q}
 n - 3 potions of brilliance
 o - 2 potions of agility
 q - 2 potions of cancellation {unknown}
 r - a potion of mutation {unknown}
 s - a potion of degeneration {unknown}
 x - 2 potions of flight {unknown}
 y - a potion of berserk rage {unknown}
Books
 B - the Guide on Frigorific Sinister Rites
   (You found it on level 8 of the Dungeon)

   Spells                             Type                      Level
   a - Freeze                         Ice                          1
   b - Regeneration                   Charms/Necromancy            3
   c - Vampiric Draining              Necromancy                   3
   d - Bolt of Cold                   Conjuration/Ice              6
   e - Death Channel                  Necromancy                   6
   Trog disapproves of the use of such an item.
 E - a book of Air

   Spells                             Type                      Level
   a - Shock                          Conjuration/Air              1
   b - Swiftness                      Charms/Air                   2
   c - Static Discharge               Conjuration/Air              3
   d - Airstrike                      Air                          4
   e - Lightning Bolt                 Conjuration/Air              5
   Trog disapproves of the use of such an item.
Comestibles
 f - 4 bread rations {@e1}
 i - 7 meat rations {@e1}
 k - 10 chunks of flesh
 l - a royal jelly {@e3}


   Skills:
 * Level 11.1 Fighting
 - Level 9.1 Maces & Flails
 - Level 6.1 Slings
 - Level 9.9 Armour
 - Level 6.0 Dodging
 - Level 9.5 Shields


You had 10 spell levels left.
You didn't know any spells.

Dungeon Overview and Level Annotations

Branches:
Dungeon (10/15)            Temple (1/1) D:4
   Lair: D:8-11         Orc: D:9-12

Altars:
Ashenzari
Gozag
Makhleb
Nemelex Xobeh
Okawaru
Ru
Sif Muna
Vehumet
Zin
The Shining One

Shops:
D:5 %

Annotations:
D:10 Sonja


Innate Abilities, Weirdness & Mutations

You reflexively headbutt those who attack you in melee.
You have a pair of horns on your head.


Message History

Sonja hits you but does no damage.
You feel strangely stable. You block Sonja's attack.
Sonja hits you but does no damage. Space bends around you.
The bullfrog hits you but does no damage.
Your two-headed ogre goes berserk!
You feel quite a bit less full.
You feel sick. You block the bullfrog's attack. You block Sonja's attack.
Sonja hits you but does no damage. Space warps horribly around you!
* * * LOW HITPOINT WARNING * * *
You block Sonja's attack. The bullfrog hits you.
* * * LOW HITPOINT WARNING * * *
Sonja hits you but does no damage. Space bends around you.
* * * LOW HITPOINT WARNING * * *
Sonja hits you but does no damage. Space bends around you.
* * * LOW HITPOINT WARNING * * *
Sonja hits you but does no damage. Space warps horribly around you!
* * * LOW HITPOINT WARNING * * *
Your shield and plate armour prevent you from hitting Sonja.
Your headbutt misses Sonja.
You die...

..P............
P.P............
.P...P.........
..P.PP.........
...P.P.P.......
▒...PP.O.....
▒P.PK........ .
▒....@.+#
P.▒▒▒▒P.P.F(.#
.PPP.P......##
P.P...PP....#
.P.P.P.)..#######
..PPPP.).........
..P..............
.##.....)........
+..#............


You could see Sonja, a bullfrog and a friendly two-headed ogre (berserk).

Vanquished Creatures
  The ghost of blobert the Severer, a journeyman MiBe of Trog (D:9)
  2 two-headed ogres (D:9)
  Pikel (D:7)
  Psyche (D:9)
  The ghost of Atlas the Ruffian, an amateur TrMo (Ossuary)
  Grinder (D:6)
  3 hippogriffs
  Sigmund (D:6)
  A wyvern (D:9)
  Menkaure (D:6)
  A porcupine (D:10)
  A sky beast (D:9)
  4 orc warriors
  5 ice beasts
  A phantom (D:9)
  11 ogres
  A slave (D:7)
  A centaur (D:7)
  A crocodile (D:10)
  2 big kobolds
  2 elf zombies (Ossuary)
  9 bullfrogs
  A gnoll sergeant (D:9)
  3 scorpions
  A jelly (D:6)
  9 wights
  6 killer bees (D:9)
  8 electric eels (D:9)
  A howler monkey (D:4)
  2 crimson imps
  A quasit (D:6)
  3 hounds
  2 orc priests
  A centaur skeleton (D:5)
  Jessica (D:2)
  2 bullfrog skeletons
  2 iguanas
  9 orc wizards
  11 worker ants
  A big kobold zombie (Ossuary)
  A hound zombie (Ossuary)
  A hound skeleton (D:4)
  3 mummies (Ossuary)
  A worker ant zombie (D:3)
  8 adders
  12 gnolls
  A shadow imp (D:5)
  An ooze (D:2)
  9 adder zombies (Ossuary)
  A worm (D:3)
  A dart slug (D:1)
  5 leopard geckos
  29 orcs
  6 giant cockroaches
  5 goblins
  8 hobgoblins
  17 kobolds
  2 quokkas
  2 ball pythons (D:3)
  5 bats
  3 frilled lizards
  A gnoll zombie (Ossuary)
  2 goblin zombies
  3 hobgoblin zombies (Ossuary)
  3 jackal zombies (Ossuary)
  A kobold zombie (Ossuary)
  A leopard gecko skeleton (D:5)
  A leopard gecko zombie (D:6)
  2 orc zombies (Ossuary)
  7 quokka zombies
  10 rats
  3 rat zombies
271 creatures vanquished.

Vanquished Creatures (others)
  A scorpion (D:7)
  A gnoll (D:9)
  A shadow imp (D:7)
  A jackal zombie (D:7)
4 creatures vanquished.

Grand Total: 275 creatures vanquished

Notes
Turn   | Place    | Note
-------+----------+-------------------------------------------
     0 | D:1      | HarryHood the Minotaur Berserker began the quest for the Orb.
     0 | D:1      | Reached XP level 1. HP: 19/19 MP: 0/0
   123 | D:1      | Reached skill level 4 in Fighting
   290 | D:1      | Reached XP level 2. HP: 27/27 MP: 1/1
   967 | D:2      | Reached skill level 5 in Fighting
   967 | D:2      | Reached XP level 3. HP: 36/36 MP: 2/2
  1141 | D:2      | Reached ** piety under Trog
  1154 | D:2      | Reached skill level 6 in Fighting
  1154 | D:2      | Reached XP level 4. HP: 37/44 MP: 3/3
  1287 | D:2      | Reached skill level 4 in Maces & Flails
  1336 | D:2      | Noticed Jessica
  1343 | D:2      | Killed Jessica
  2011 | D:3      | Found a sparkling altar of Nemelex Xobeh.
  2035 | D:3      | Reached XP level 5. HP: 50/50 MP: 4/4
  2038 | D:3      | Reached skill level 5 in Maces & Flails
  2284 | D:3      | Reached skill level 6 in Maces & Flails
  2515 | D:3      | Reached *** piety under Trog
  2515 | D:3      | Reached skill level 3 in Armour
  2522 | D:3      | Reached XP level 6. HP: 56/57 MP: 5/5
  2533 | D:3      | Found an iron altar of Okawaru.
  2812 | D:4      | Reached skill level 4 in Armour
  2877 | D:4      | Found a sand-covered staircase.
  2900 | Ossuary  | Entered an ossuary
  3022 | Ossuary  | Reached skill level 5 in Armour
  3049 | Ossuary  | Reached skill level 6 in Armour
  3049 | Ossuary  | Reached XP level 7. HP: 51/63 MP: 6/6
  3085 | Ossuary  | Reached **** piety under Trog
  3109 | Ossuary  | Noticed Atlas's ghost (amateur TrMo)
  3112 | Ossuary  | Reached skill level 1 in Shields
  3140 | Ossuary  | Killed Atlas's ghost
  3140 | Ossuary  | Reached skill level 4 in Shields
  3456 | D:4      | Reached skill level 5 in Shields
  3618 | D:4      | Found a staircase to the Ecumenical Temple.
  3744 | D:4      | Reached skill level 6 in Shields
  3946 | Temple   | Entered the Ecumenical Temple
  3966 | D:5      | Entered Level 5 of the Dungeon
  4040 | D:5      | Reached XP level 8. HP: 68/70 MP: 7/7
  4063 | D:5      | Reached skill level 3 in Dodging
  4214 | D:5      | Reached skill level 1 in Slings
  4265 | D:5      | Reached skill level 2 in Slings
  4332 | D:5      | Reached skill level 3 in Slings
  4732 | D:5      | Reached skill level 7 in Fighting
  4924 | D:5      | Found a glowing silver altar of Zin.
  4924 | D:5      | Found an opulent altar of Gozag.
  4925 | D:5      | Found a glowing golden altar of the Shining One.
  4965 | D:5      | Found Kozoergh's Food Shop.
  5324 | D:6      | Reached skill level 8 in Fighting
  5471 | D:6      | Noticed Menkaure
  5477 | D:6      | Reached skill level 9 in Fighting
  5482 | D:6      | Killed Menkaure
  5482 | D:6      | Received a gift from Trog
  5482 | D:6      | Reached XP level 9. HP: 63/83 MP: 8/8
  5566 | D:6      | Reached skill level 7 in Maces & Flails
  5667 | D:6      | Noticed Sigmund
  5673 | D:6      | Killed Sigmund
  5702 | D:6      | Reached skill level 8 in Maces & Flails
  5717 | D:6      | Noticed Grinder
  5734 | D:6      | Killed Grinder
  5794 | D:6      | Reached skill level 9 in Maces & Flails
  5871 | D:6      | Reached ***** piety under Trog
  5871 | D:6      | Reached skill level 7 in Armour
  6256 | D:7      | Reached skill level 8 in Armour
  6426 | D:7      | Found a shattered altar of Ashenzari.
  6453 | D:7      | Noticed Pikel
  6476 | D:7      | Killed Pikel
  6476 | D:7      | Reached skill level 9 in Armour
  6486 | D:7      | Reached XP level 10. HP: 78/91 MP: 9/9
  6913 | D:7      | Reached skill level 4 in Dodging
  6965 | D:7      | Received a gift from Trog
  7123 | D:8      | Reached skill level 5 in Dodging
  7129 | D:8      | Found a deep blue altar of Sif Muna.
  7324 | D:8      | Received a gift from Trog
  7446 | D:8      | Reached skill level 6 in Dodging
  7541 | D:8      | Identified the Guide on Frigorific Sinister Rites
  7964 | D:8      | Reached skill level 7 in Shields
  8476 | D:9      | Reached skill level 8 in Shields
  8520 | D:9      | Noticed blobert's ghost (journeyman MiBe)
  8536 | D:9      | Killed blobert's ghost
  8536 | D:9      | Reached skill level 9 in Shields
  8616 | D:9      | Received a gift from Trog
  8648 | D:9      | Reached skill level 4 in Slings
  9026 | D:9      | Noticed a two-headed ogre
  9034 | D:9      | Killed a two-headed ogre
  9034 | D:9      | Reached skill level 5 in Slings
  9095 | D:9      | Noticed Psyche
  9103 | D:9      | Killed Psyche
  9103 | D:9      | Reached skill level 6 in Slings
  9143 | D:9      | Reached XP level 11. HP: 96/97 MP: 10/10
  9532 | D:9      | Reached skill level 10 in Fighting
 10193 | D:9      | Noticed a two-headed ogre
 10198 | D:9      | Killed a two-headed ogre
 10292 | D:10     | Entered Level 10 of the Dungeon
 10337 | D:10     | Noticed Sonja
 10352 | D:10     | Reached skill level 11 in Fighting
 10362 | D:10     | Received a gift from Trog
 10394 | D:10     | HP: 3/102 [Sonja/uncursed dagger of distortion (8)]
 10395 | D:10     | Succumbed to Sonja's curare-tipped needle

Vault maps used:
D:1:      sevenhm_arrival_forest_fort_large_4, minmay_misc_feat_columns
D:2:      grunt_decor_resistance, uniq_jessica
D:3:      lemuel_doored_altar, okawaru_altar_gauntlet_db
D:4:      minmay_temple_entry_enclosed_plants, first_bread, enter_ossuary_4
D:5:      gammafunk_temple_overflow_claw, serial_shops,
          nicolae_shop_window_shopping,
          hangedman_abyss_or_decor_jellyfish_corner
D:6:      uniq_grinder, uniq_sigmund, uniq_menkaure
D:7:      marbit_many_paths, uniq_pikel
D:8:      nicolae_overflow_hidden_temple
D:9:      uniq_psyche
D:10:     grunt_lair_entry_orc_guard_hut, david_orc_4, st_stairs_7, uniq_sonja
Temple:   compressed_dpeg_circular_temple
Ossuary:  minmay_ossuary_two_tombs

Skill      XL: |  1  2  3  4  5  6  7  8  9 10 11 |
---------------+----------------------------------+-----
Fighting       | 4 5 6 9 11 | 11.1
Maces & Flails | 4 6 9 |  9.1
Armour         | 3 6 9 |  9.9
Shields        | 6 9 |  9.5
Dodging        | 3 6 |  6.0
Slings         | 3 6 |  6.1

Action                   |  1- 3 |  4- 6 |  7- 9 | 10-12 || total
-------------------------+-------+-------+-------+-------++-------
Melee: Mace              |    83 |    29 |       |       ||   112
       Headbutt          |     9 |    35 |    80 |    63 ||   187
       Flail             |       |   208 |   318 |    20 ||   546
       Morningstar       |       |       |       |   252 ||   252
 Fire: Hunting sling     |       |       |       |    31 ||    31
Invok: Berserk           |       |     1 |     3 |     4 ||     8
       Burn Spellbooks   |       |       |     1 |       ||     1
       Brothers in Arms  |       |       |       |     1 ||     1
  Use: Scroll            |     1 |     1 |    12 |     7 ||    21
       Potion            |       |       |       |     2 ||     2
  Eat: Chunk             |     1 |     7 |    25 |    16 ||    49
       Bread ration      |       |       |     1 |       ||     1
Armor: Scale mail        |    35 |       |       |       ||    35
       Animal skin       |     1 |       |       |       ||     1
       Chain mail        |    21 |   139 |   108 |    49 ||   317
       Plate armour      |       |       |       |    15 ||    15
Dodge: Dodged            |    28 |    31 |    53 |    42 ||   154
Block: Buckler           |     3 |       |       |       ||     3
       Large shield      |    22 |   151 |   227 |   207 ||   607
